 Dungeon Crawl Stone Soup version 0.14-a0-1721-g84c87b2 (webtiles) character file.

461 Kae the Insei (level 6, -6/47 HPs)
             Began as a Draconian Transmuter on Jan 2, 2014.
             Mangled by an ogre
             ... wielding a +0,+0 giant club
              (12 damage)
             ... on Level 4 of the Dungeon.
             The game lasted 00:06:18 (4315 turns).

Kae the Insei (Draconian Transmuter)                Turns: 4315, Time: 00:06:18

HP  -6/47        AC  6     Str 13      XL: 6   Next: 19%
MP  10/10        EV 12     Int 13      God:
Gold 147         SH  0     Dex 13      Spells:  3 memorised,  3 levels left

rFire  . . .     SeeInvis .       - Unarmed
rCold  . . .     Clarity  .     (armour unavailable)
rNeg   . . .     Conserve .     (no shield)
rPois  .         rCorr    .     (helmet restricted)
rElec  .         rRot     .     (no cloak)
SustAb . .       Spirit   .     (no gloves)
rMut   .         Warding  .     (no boots)
Saprov . . .     Stasis   .     (no amulet)
                                (no ring)
                                p - ring of teleport control

@: about to teleport, slightly resistant to hostile enchantments, unstealthy
A: unfitting armour, AC +6
a: Evoke Teleport Control


You were on level 4 of the Dungeon.
You were not hungry.

You visited 1 branch of the dungeon, and saw 4 of its levels.

You collected 147 gold pieces.

Inventory:

Missiles
 b - 12 arrows
 u - 170 stones (quivered)
Comestibles
 a - 2 bread rations
 c - 2 chokos
 n - an apple
 q - a rotting chunk of hound flesh
 r - a rotting chunk of rat flesh
 v - a meat ration
Scrolls
 e - a scroll of magic mapping
 f - a scroll of fear {unknown}
 g - 2 scrolls of recharging {unknown}
 h - 5 scrolls of remove curse {unknown}
 i - a scroll of curse weapon
 j - 3 scrolls of identify
 s - 3 scrolls of noise {unknown}
 y - a scroll of blinking {unknown}
Jewellery
 p - a ring of teleport control (left hand)
Potions
 k - a potion of speed
 m - 2 potions of heal wounds
 o - 3 potions of curing
 t - a potion of mutation {unknown}
 w - a potion of brilliance
 x - a potion of lignification {unknown}
Books
 d - a book of Changes

   Spells                             Type                      Level
   *Beastly Appendage                 Transmutation                1
   *Sticks to Snakes                  Transmutation                2
   *Spider Form                       Transmutation/Poison         3
   Ice Form                           Ice/Transmutation            4
   Blade Hands                        Transmutation                5


   Skills:
 - Level 1.1 Fighting
 - Level 1.7 Dodging
 * Level 6.0 Unarmed Combat
 - Level 2.0 Spellcasting
 + Level 4.0 Transmutations


You had 3 spell levels left.
You knew the following spells:

 Your Spells              Type           Power        Failure   Level  Hunger
a - Beastly Appendage     Trmt           ##....       6%          1    ##.....
b - Sticks to Snakes      Trmt           ##........   10%         2    ###....
c - Spider Form           Trmt/Pois      #.........   34%         3    ####...


Dungeon Overview and Level Annotations

Branches:
Dungeon (4/16)             Temple (0/1) D:4

Altars:

Shops:
D:4 =

Annotations:
D:4 Edmund, Prince Ribbit


Message History

You closely miss it.
Your tail-slap misses it.
It hits you.
You closely miss it. You tail-slap it. Prince Ribbit hits you. It hits you!
* * * LOW HITPOINT WARNING * * *
Your surroundings seem slightly different.
Prince Ribbit blinks!
Unknown command.
Unknown command.
An ogre comes into view. It is wielding a giant club.
The ogre shouts!
It hits you.
* * * LOW HITPOINT WARNING * * *
Prince Ribbit blinks!
Prince Ribbit blinks!
Read which item? (? for menu, Esc to quit)
As you read the scroll of teleportation, it crumbles to dust.
You feel strangely unstable. It hits you but does no damage.
Prince Ribbit barely misses you. It hits you!
* * * LOW HITPOINT WARNING * * *
The ogre hits you with a giant club!
You die...

#.........................,,,,,*
#....###########.....(...,,,,,,*
#..,,* #.........,,,,,,* *,,,,*
#.........,, ,,,*
*,,,,**#########..######. ,,,,,*
,,,,,,,............# *,, ,,,,*
,,,,****######.....# *,,,,,,,*
,,,, #...F.# *,,,,,, * *,, *
#..@..# *,****,, *,,,* #...O.# *
* *,,* *,,,******####.....# *,*
*,,* #..,,,,,,,.........#** **,*
*,,* #... ,, ,,...........O....#
* ,* #..#******................*
*, * #..# *................*
*,,* #..# #................*
*,,* #..# ...............,* *, *


You could see Prince Ribbit and an ogre.

Vanquished Creatures
  A hound (D:3)
  A scorpion (D:3)
  A giant frog skeleton (D:4)
  An orc wizard (D:3)
  Terence (D:3)
  7 adders
  2 giant mites
  2 worms (D:3)
  A giant eyeball (D:4)
  2 giant geckos
  12 orcs (D:3)
  11 bats
  5 giant cockroaches
  13 hobgoblins
  3 ball pythons
  4 giant newts
  A giant newt skeleton (D:4)
  13 goblins
  14 kobolds
  11 rats
  A rat skeleton (D:4)
107 creatures vanquished.

Notes
Turn   | Place    | Note
--------------------------------------------------------------
     0 | D:1      | Kae, the Draconian Transmuter, began the quest for the Orb.
     0 | D:1      | Reached XP level 1. HP: 16/16 MP: 3/3
   154 | D:1      | Reached XP level 2. HP: 17/23 MP: 4/4
   917 | D:1      | Reached XP level 3. HP: 28/28 MP: 4/6
   932 | D:1      | Reached skill level 4 in Unarmed Combat
  1664 | D:2      | Reached XP level 4. HP: 33/35 MP: 5/7
  2261 | D:3      | Noticed Terence
  2270 | D:3      | Learned a level 2 spell: Sticks to Snakes
  2279 | D:3      | Killed Terence
  2286 | D:3      | Learned a level 3 spell: Spider Form
  2363 | D:3      | HP: 1/35 [something (2)]
  2370 | D:3      | Reached XP level 5. HP: 19/40 MP: 9/9
  2507 | D:3      | Reached skill level 5 in Unarmed Combat
  3961 | D:3      | Reached XP level 6. HP: 41/47 MP: 8/10
  4087 | D:4      | Found Luiwaal's Jewellery Boutique.
  4185 | D:4      | Reached skill level 6 in Unarmed Combat
  4242 | D:4      | Found a staircase to the Ecumenical Temple.
  4280 | D:4      | Noticed Edmund
  4297 | D:4      | Noticed Prince Ribbit
  4308 | D:4      | Noticed an ogre
  4315 | D:4      | Mangled by an ogre

Action                   |  1- 3 |  4- 6 || total
-------------------------+-------+-------++-------
Melee: Unarmed           |   165 |   215 ||   380
 Cast: Beastly Appendage |    16 |    32 ||    48
  Use: Potion            |       |     7 ||     7
       Scroll            |       |     6 ||     6
 Stab: Sleeping          |       |     2 ||     2
